 Dungeon Crawl Stone Soup version 0.31.0-4-g52a2dc7128 (webtiles) character file.

Game seed: 12482840917810188086

49 SnakkuSnakku7 the Trooper (level 3, -2/29 HPs)
             Began as a Merfolk Earth Elementalist on Jan 22, 2024.
             Slain by a scorpion (7 damage)
             ... on level 4 of the Dungeon.
             The game lasted 00:02:07 (1509 turns).

SnakkuSnakku7 the Trooper (MfEE)                    Turns: 1509, Time: 00:02:08

Health: -2/29      AC:  5    Str:  8    XL:     3   Next: 75%
Magic:  6/6        EV: 10    Int: 14    God:
Gold:   96         SH:  0    Dex: 16    Spells: 5/6 levels left

rFire   . . .        f - +0 short sword (speed)
rCold   . . .        (no shield)
rNeg    . . .        o - +0 ring mail
rPois   .            (no helmet)
rElec   .            (no cloak)
rCorr   +            (no gloves)
SInv    .            (no boots)
Will    .....        (no amulet)
Stlth   +            e - ring of resist corrosion
HPRegen 0.24/turn    (no ring)
MPRegen 0.10/turn

%: no passive effects
@: lethally poisoned (-2 -> -6)
A: (nimble swimmer 2), mertail
a: no special abilities


You were on level 4 of the Dungeon.
You visited 1 branch of the dungeon, and saw 4 of its levels.

You collected 96 gold pieces.

Inventory:

Hand Weapons
 c - a +0 short sword
 f - a +0 short sword of speed (weapon)
Armour
 a - a +0 robe
 o - a +0 ring mail (worn)
Jewellery
 e - a ring of resist corrosion (left hand)
 p - a +6 ring of intelligence
Scrolls
 g - 2 scrolls of teleportation {unknown}
 i - a scroll of vulnerability {unknown}
 k - 3 scrolls of blinking {unknown}
 l - 4 scrolls of identify {unknown}
 m - a scroll of silence {unknown}
 n - a scroll of fear {unknown}
Potions
 b - a potion of magic
 d - a potion of cancellation {unknown}
 h - 2 potions of curing {unknown}
 j - a potion of brilliance {unknown}


   Skills:
 + Level 3.6 Fighting
 - Level 2.6 Dodging
 - Level 2.1 Stealth
 - Level 2.0 Spellcasting
 - Level 0.7 Conjurations
 - Level 2.4 Earth Magic


You had 5 spell levels left.
You knew the following spells:

 Your Spells              Type           Power      Damage    Failure   Level
a - Sandblast             Erth           16%        2d6       28%         1

Your spell library contained the following spells:

 Spells                   Type           Power      Damage    Failure   Level
 Passwall                 Erth           8%         N/A       63%         3
 Stone Arrow              Conj/Erth      10%        3d7       75%         3
 Brom's Barrelling Bould  Conj/Erth      5%         2d3       98%         4
 Petrify                  Alch/Erth      4%         N/A       99%         4


Dungeon Overview and Level Annotations

Branches:
Dungeon (4/15)
 Temple: D:4-7

Altars:

Annotations:
D:2 Sigmund


Innate Abilities, Weirdness & Mutations

((You are very nimble when in or above water. (Stealth+, EV+, Speed+++)))
Your lower body shifts to a powerful aquatic tail in water.


Message History

You hit the scorpion.
The scorpion is moderately wounded.
The scorpion barely misses you.
You hit the scorpion.
The scorpion is moderately wounded.
The scorpion stings you.
You closely miss the scorpion.
The scorpion is moderately wounded.
The scorpion barely misses you.
You hit the scorpion.
The scorpion is moderately wounded.
You hit the scorpion.
The scorpion is heavily wounded.
The scorpion stings you!
You are poisoned.
The scorpion poisons you!
You hit the scorpion but do no damage.
The scorpion is heavily wounded.
You feel sick.
The scorpion stings you but does no damage.
You barely miss the scorpion.
The scorpion is heavily wounded.
You feel sick.
An orc wizard appears from thin air!
Reactivating autopickup.
The scorpion stings you.
You hit the scorpion.
The scorpion is severely wounded.
You feel sick. The scorpion closely misses you.
You closely miss the scorpion.
The scorpion is severely wounded.
You feel sick.
You hit the scorpion but do no damage.
The scorpion is severely wounded.
You feel sick. The scorpion stings you.
* * * LOW HITPOINT WARNING * * *
You barely miss the scorpion.
The scorpion is severely wounded.
* * * LOW HITPOINT WARNING * * *
You feel sick. The scorpion stings you!
You die...

#.###...#########
#.# ##..o...{.o.#
#.#############<#
#oo...... ##.##
#o####### #..o.
#o# #..#.. #o#
....###. #s#
####. .. #@# ##
.. #.# ... #.#
.#. #.# #... #.#
. #.# ..# ...


You could see a scorpion, an orc wizard and 4 orcs.

Vanquished Creatures
  An adder (D:2)
  An endoplasm (D:1)
  A giant cockroach (D:1)
  5 goblins
  5 hobgoblins
  3 jackals (D:1)
  3 quokkas (D:1)
  2 ball pythons (D:1)
  A bat (D:1)
  4 frilled lizards (D:1)
  9 kobolds
  4 rats (D:1)
39 creatures vanquished.

Notes
Turn   | Place    | Note
-------+----------+-------------------------------------------
     0 | D:1      | SnakkuSnakku7 the Merfolk Earth Elementalist began the
                  | quest for the Orb.
     0 | D:1      | Reached XP level 1. HP: 13/13 MP: 3/3
    58 | D:1      | Reached skill level 1 in Fighting
   169 | D:1      | Reached XP level 2. HP: 14/22 MP: 1/5
   221 | D:1      | Reached skill level 2 in Fighting
   417 | D:1      | Reached XP level 3. HP: 23/28 MP: 6/6
   501 | D:1      | Reached skill level 3 in Fighting
  1415 | D:2      | Noticed Sigmund
  1484 | D:4      | Noticed a scorpion
  1509 | D:4      | Slain by a scorpion

Illustrated notes

Levels and vault maps discovered:
D:1:      psy_arrival_wood_between_worlds, layout_basic
D:2:      layout_loops_cross, dk_noncrumbling_2, uniq_sigmund
D:3:      layout_basic, minitemple, chequers_temple_overflow_statue_of_worship
D:4:      layout_loops_ring

Skill      XL: |  1  2  3 |
---------------+----------+-----
Fighting       | 1 2 3 |  3.6
Dodging        | |  2.6
Stealth        | |  2.1
Spellcasting   | |  2.0
Conjurations   | |  0.7
Earth Magic    | |  2.4

Action                     || total
---------------------------++-------
  Melee: Short sword       ||   134
         Tailslap          ||     2
   Cast: Sandblast         ||    16
   Stab: Sleeping          ||     3
         Distracted        ||     1
 Armour: Robe              ||    49
         Ring mail         ||    23
  Dodge: Dodged            ||    65
